 Dungeon Crawl Stone Soup version 0.16-a0-783-gf476f6a (webtiles) character file.

392 Ratboiler the Chiller (level 6, -2/36 HPs)
             Began as an Octopode Ice Elementalist on Sept 26, 2014.
             Was a Follower of Vehumet.
             Slain by a yellow wasp (10 damage)
             ... on Level 4 of the Dungeon.
             The game lasted 00:27:54 (6544 turns).

Ratboiler the Chiller (Octopode Ice Elementalist)   Turns: 6544, Time: 00:27:55

HP  -2/36        AC  1     Str  7      XL: 6   Next: 80%
MP   3/10        EV 17     Int 20      God: Vehumet [*.....]
Gold 187         SH  0     Dex 14      Spells:  3 memorised,  3 levels left

rFire  + . .     SeeInvis +     a - +7 hand axe "Zetugh" {chop, Dex-3}
rCold  . . .     Clarity  .     (no shield)
rNeg   . . .     rCorr    .     (helmet restricted)
rPois  .         rRot     .     n - amulet of rage
rElec  .         Spirit   .     l - ring of see invisible
SustAb .         Warding  .     m - ring of protection from fire
rMut   .         Stasis   .     (no ring)
Gourm  .                        (no ring)
MR     .....                    (no ring)
                                (no ring)
                                (no ring)
                                (no ring)

@: agile, lethally poisoned, slowed, very slow, not resistant to hostile
enchantments, stealthy
A: almost no armour, amphibious, 8 rings, constrict 8, camouflage 1, gelatinous
body 1
a: Renounce Religion, Evoke Berserk Rage


You were on level 4 of the Dungeon.
You worshipped Vehumet.
Vehumet was aware of your devotion.
You were not hungry.

You visited 1 branch of the dungeon, and saw 5 of its levels.

You collected 187 gold pieces.

Inventory:

Hand weapons
 a - the +7 hand axe "Zetugh" (weapon) {chop, Dex-3}
   (You found it on level 4 of the Dungeon)

   It inflicts extra damage upon your enemies.
   It affects your dexterity (-3).
 b - a +0 hunting sling
 p - a +1 short sword of venom
Missiles
 f - 9 stones (quivered)
 g - 3 curare-tipped needles
Magical devices
 i - a wand of random effects (12)
 q - a wand of magic darts (5)
Comestibles
 c - 3 bread rations
 u - a royal jelly
 C - 2 rotting chunks of hobgoblin flesh
 D - 2 chunks of jackal flesh
Scrolls
 j - a scroll of fog {unknown}
 r - a scroll of teleportation {unknown}
 s - a scroll of noise {unknown}
 t - a scroll of fear {unknown}
 x - 2 scrolls of enchant weapon {unknown}
 y - 2 scrolls of blinking {unknown}
 E - a scroll of recharging {unknown}
 F - a scroll of remove curse {unknown}
Jewellery
 l - a ring of see invisible (left tentacle)
 m - a ring of protection from fire (right tentacle)
 n - an amulet of rage (around mantle)
Potions
 h - 3 potions of might
 k - a potion of lignification
 o - 2 potions of mutation
 v - a potion of curing {unknown}
 w - 2 potions of magic {unknown}
 z - 2 potions of agility
 A - a potion of confusion {unknown}
 B - 2 potions of cure mutation {unknown}
Books
 e - a book of Frost

   Spells                             Type                      Level
   *Freeze                            Ice                          1
   *Throw Frost                       Conjuration/Ice              2
   *Ozocubu's Armour                  Charms/Ice                   3
   Throw Icicle                       Conjuration/Ice              4
   Summon Ice Beast                   Ice/Summoning                4
   Condensation Shield                Ice                          4


   Skills:
 - Level 2.0 Dodging
 - Level 2.6 Stealth
 - Level 2.0 Spellcasting
 + Level 4.9 Conjurations
 + Level 5.5 Ice Magic


You had 3 spell levels left.
You knew the following spells:

 Your Spells              Type           Power        Failure   Level  Hunger
a - Freeze                Ice            ###.         1%          1    #......
b - Throw Frost           Conj/Ice       ###...       2%          2    ##.....
c - Ozocubu's Armour      Chrm/Ice       ##......     17%         3    ###....


Dungeon Overview and Level Annotations

Branches:
Dungeon (5/15)
 Temple: D:4-7

Altars:
Elyvilon
Fedhas
Gozag
Okawaru
Qazlal
Vehumet


Innate Abilities, Weirdness & Mutations

You cannot wear most types of armour.
You are amphibious.
You can wear up to eight rings at the same time.
You can use your tentacles to constrict many enemies at once.
Your skin changes colour to match your surroundings (Stealth).
Your rubbery body absorbs attacks (AC +1).


Message History

You closely miss the yellow wasp. You grab the yellow wasp.
The yellow wasp is severely wounded.
You constrict the yellow wasp, but do no damage.
You feel very sick. The yellow wasp misses you. The yellow wasp stings you!
* * * LOW HITPOINT WARNING * * *
You are more poisoned.
You feel as though you will be slow longer.
The yellow wasp barely misses you.
Casting: Throw Frost
Confirm with . or Enter, or press ? or * to list all spells.
Aiming: Throw Frost
Press: ? - help, Shift-Dir - straight line, f/p - yellow wasp
Aim: a yellow wasp (severely wounded, constricted by you)
The puff of frost hits the yellow wasp.
The yellow wasp is almost dead.
You constrict the yellow wasp.
* * * LOW HITPOINT WARNING * * *
You feel sick. The yellow wasp stings you!
You die...

### #### .(.$
#..###### ###
#...y...# #y##......#
#@# ..... #.# .... #.#
... #.#### # # ###
#.##.## # ...
..######.#...#### +
.... ................+
#
#...##.######.#...####
# ##...........[...##


You could see a yellow wasp.

Vanquished Creatures
  An orc priest (D:3)
  An iguana (D:4)
  2 orc wizards
  A worker ant (D:5)
  8 adders
  A shadow imp (D:5)
  3 giant mites (D:3)
  A goliath beetle zombie (D:5)
  4 worms
  4 giant geckos
  An ooze (D:3)
  12 orcs
  12 hobgoblins
  10 jackals
  13 kobolds
  2 ball pythons (D:2)
  6 bats
  5 giant cockroaches
  4 giant newts
  7 goblins
  An orc skeleton (D:4)
  A quokka (D:3)
  9 rats
  A rat zombie (D:5)
110 creatures vanquished.

Notes
Turn   | Place    | Note
--------------------------------------------------------------
     0 | D:1      | Ratboiler, the Octopode Ice Elementalist, began the quest for the Orb.
     0 | D:1      | Reached XP level 1. HP: 11/11 MP: 3/3
   456 | D:1      | Reached XP level 2. HP: 17/17 MP: 4/4
   460 | D:1      | Learned a level 2 spell: Throw Frost
  1611 | D:2      | Reached XP level 3. HP: 21/21 MP: 3/6
  1700 | D:2      | Reached skill level 4 in Ice Magic
  1862 | D:2      | Learned a level 3 spell: Ozocubu's Armour
  2602 | D:2      | Reached XP level 4. HP: 21/27 MP: 1/7
  3367 | D:3      | Found a stormy altar of Qazlal.
  3370 | D:3      | Found an iron altar of Okawaru.
  3370 | D:3      | Found an opulent altar of Gozag.
  3372 | D:3      | Found a white marble altar of Elyvilon.
  3548 | D:3      | Reached XP level 5. HP: 22/31 MP: 1/9
  4292 | D:3      | Reached XP level 6. HP: 32/36 MP: 10/10
  4495 | D:4      | Found a radiant altar of Vehumet.
  4501 | D:4      | Became a worshipper of Vehumet
  4713 | D:4      | Reached skill level 5 in Ice Magic
  4911 | D:4      | Found a blossoming altar of Fedhas.
  5155 | D:5      | Entered Level 5 of the Dungeon
  6423 | D:4      | Got an ebony hand axe
  6424 | D:4      | Identified the +7 hand axe "Zetugh" {chop, Dex-3} (You found it on level 4 of the Dungeon)
  6485 | D:4      | Acquired Vehumet's first power
  6485 | D:4      | Offered knowledge of Shock by Vehumet.
  6544 | D:4      | Slain by a yellow wasp

Action                   |  1- 3 |  4- 6 || total
-------------------------+-------+-------++-------
Melee: Dagger            |    53 |   129 ||   182
       Hand axe          |       |    13 ||    13
 Fire: Hunting sling     |    14 |     9 ||    23
 Cast: Freeze            |    11 |     1 ||    12
       Throw Frost       |    18 |    69 ||    87
       Ozocubu's Armour  |     1 |     3 ||     4
Evoke: Wand              |     1 |     5 ||     6
  Use: Scroll            |     4 |     1 ||     5
       Potion            |       |     2 ||     2
 Stab: Sleeping          |     2 |    12 ||    14
  Eat: Chunk             |     5 |     9 ||    14
       Beef jerky        |     1 |     1 ||     2
       Bread ration      |       |     1 ||     1
       Pizza             |       |     1 ||     1
